 Dungeon Crawl Stone Soup version 0.27-a0-380-g150de4c316 (webtiles) character file.

Game seed: 9286200170849075578

2 rednaxela the Stinger (level 1, 0/11 HPs)
             Began as an Octopode Venom Mage on Feb 18, 2021.
             Slain by a hobgoblin
             ... wielding a +0 club
              (7 damage)
             ... on level 1 of the Dungeon.
             The game lasted 00:02:27 (125 turns).

rednaxela the Stinger (Octopode Venom Mage)          Turns: 125, Time: 00:02:28

Health: 0/11       AC:  1    Str:  7    XL:     1   Next: 40%
Magic:  1/3        EV: 13    Int: 17    God:
Gold:   5          SH:  0    Dex: 12    Spells: 3/4 levels left

rFire    . . .     SeeInvis .   c - +0 club
rCold    . . .     Faith    .   (no shield)
rNeg     . . .     Spirit   .   (helmet restricted)
rPois    .         Reflect  .   (no amulet)
rElec    .         Harm     .   b - ring of resist corrosion
rCorr    +         Rampage  .   (no ring)
Will     .....                  (no ring)
Stlth    +++.......             (no ring)
HPRegen  0.03/turn              (no ring)
MPRegen  0.08/turn              (no ring)
                                (no ring)
                                (no ring)

@: no status effects
A: almost no armour, stealthy swim, amphibious, 8 rings, constrict 8, camouflage
1, gelatinous body 1
a: no special abilities


You were on level 1 of the Dungeon.
You visited 1 branch of the dungeon, and saw 2 of its levels.

You collected 5 gold pieces.

Inventory:

Hand Weapons
 c - a +0 club (weapon)
   (You took it off a kobold on level 1 of the Dungeon)
Missiles
 a - 25 poisoned darts (quivered)
Jewellery
 b - a ring of resist corrosion (left tentacle)
   (You found it on level 1 of the Dungeon)


   Skills:
 + Level 2.0 Dodging
 + Level 2.8 Stealth
 + Level 2.0 Spellcasting
 + Level 1.0 Transmutations
 + Level 3.6 Poison Magic


You had 3 spell levels left.
You knew the following spells:

 Your Spells              Type           Power        Failure   Level
a - Sting                 Tmut/Pois      36%          8%          1

Your spell library contained the following spells:

 Spells                   Type           Power        Failure   Level
 Poisonous Vapours        Pois/Air       14%          14%         2
 Ignite Poison            Fire/Tmut/Pois 7%           30%         3
 Mephitic Cloud           Conj/Pois/Air  5%           34%         3
 Olgreb's Toxic Radiance  Pois           14%          38%         4


Dungeon Overview and Level Annotations

Branches:
Dungeon (2/15)

Altars:


Innate Abilities, Weirdness & Mutations

You cannot wear most types of armour.
You are very stealthy in the water. (Stealth+)
You are amphibious.
You can wear up to eight rings at the same time.
You can use your tentacles to constrict eight enemies at once.
Your skin changes colour to match your surroundings (Stealth+).
Your rubbery body absorbs attacks. (AC +1, EV +1)


Message History

Welcome, rednaxela the Octopode Venom Mage.
The bosom of this dungeon contains the fabled artefact, the Orb of Zot.
Press ? for a list of commands and other information.
Found a staircase leading out of the dungeon.
Clearing level map.
Clearing level map.
Okay, then.
Found 5 gold pieces.
You now have 5 gold pieces.
Found a stone staircase leading down.
Found a garnet ring and 15 poisoned darts.
You see here 15 poisoned darts.
a - 15 poisoned darts You aren't carrying any wearable armour.
Drop what? 1/52 slots (_ for help) (? for menu, Esc to quit)
Okay, then.
b - a garnet ring
b - a ring of resist corrosion (left tentacle)
There is a stone staircase leading down here.
You climb downwards.
There is a stone staircase leading up here.
You climb upwards.
There is a stone staircase leading down here.
A goblin comes into view.
Found 11 gold pieces.
A kobold comes into view. It is wielding a +0 club.
The kobold shouts!
Found 10 poisoned darts.
Casting: Sting (safe; 8% risk of failure)
Confirm with . or Enter, or press ? or * to list all spells.
Aiming: Sting (safe; 8% risk of failure)
Press: ? - help, Shift-Dir - straight line, f - you That beam is likely to hit you.
Continue anyway? [Y]es or [N]o only, please.
That beam is likely to hit you.
Continue anyway?
Okay, then.
Casting: Sting (safe; 8% risk of failure)
Confirm with . or Enter, or press ? or * to list all spells.
Aiming: Sting (safe; 8% risk of failure)
Press: ? - help, Shift-Dir - straight line, f - kobold
Aim: a kobold, wielding a +0 club (40% to evade)
The sting hits the kobold.
The kobold is poisoned.
The kobold is moderately wounded.
You barely miss the kobold. You grab the kobold.
The kobold is moderately wounded.
You constrict the kobold.
You kill the kobold!
Things that are here:
a +0 club; a kobold corpse
c - a +0 club Sorry, you're not good enough to have a special ability.
c - a +0 club (weapon)
Found a stone staircase leading down.
The goblin shouts!
You hear a shout!
Casting: Sting (safe; 8% risk of failure)
Confirm with . or Enter, or press ? or * to list all spells.
Aiming: Sting (safe; 8% risk of failure)
Press: ? - help, Shift-Dir - straight line, f - goblin
Aim: a goblin (40% to evade)
The sting hits the goblin.
The goblin is poisoned.
The goblin is moderately wounded.
You barely miss the goblin. Your grab misses the goblin.
You squeeze the goblin.
The goblin is severely wounded.
The goblin hits you.
* * * LOW HITPOINT WARNING * * *
The goblin barely misses you.
You closely miss the goblin. You grab the goblin. You squeeze the goblin.
You kill the goblin!
A hobgoblin comes into view. It is wielding a +0 club.
You see here 10 poisoned darts.
a - 25 poisoned darts (gained 10)
Casting: Sting (safe; 8% risk of failure)
Confirm with . or Enter, or press ? or * to list all spells.
Aiming: Sting (safe; 8% risk of failure)
Press: ? - help, Shift-Dir - straight line, f - hobgoblin
Aim: a hobgoblin, wielding a +0 club (32% to evade)
The sting hits the hobgoblin.
The hobgoblin is poisoned.
The hobgoblin is severely wounded.
The hobgoblin hits you with a +0 club!
Ouch! That really hurt!
You die...

#..## #.#.# #.........##
.....###.#.#.##........##
#.......#.##....#....#
##....##..##...####...
#.#.#...###..## ##..
#.#.#.##..#..## ##. .
#.#†.....###..# #.
...###.#...#### #..## ##.
.........@## ##..####..
....##..g.# ##...##.# .
#....# ###...<# #....#
###### #.$..#........
##..##...>.... #...
...#####. #... ..##
#......#


You could see a hobgoblin (poisoned).

Vanquished Creatures
  A goblin (D:1)
  A kobold (D:1)
2 creatures vanquished.

Notes
Turn   | Place    | Note
-------+----------+-------------------------------------------
     0 | D:1      | rednaxela the Octopode Venom Mage began the quest for the
                  | Orb.
     0 | D:1      | Reached XP level 1. HP: 11/11 MP: 3/3
   125 | D:1      | Slain by a hobgoblin

Illustrated notes

Levels and vault maps discovered:
D:1:      dpeg_arrival_round_b, layout_rooms, minmay_misc_feat_hallway
D:2:      layout_rooms, st_stairs_2, minmay_door_square, uniq_natasha,
          uniq_robin

Action                   || total
-------------------------++-------
Melee: Club              ||     2
       Constrict         ||     2
       Tentacles         ||     2
       Unarmed           ||     1
 Cast: Sting             ||     3
Dodge: Dodged            ||     1

Table legend: (Time is in decaauts)
 A = Elapsed time spent in this place.
 B = Non-inter-level travel time spent in this place.
 C = Inter-level travel time spent in this place.
 D = Time resting spent in this place.
 E = Time spent auto-exploring this place.
 F = Levels seen in this place.
 G = Mean time per level.
                   A        B        C        D        E       F      G
               +--------+--------+--------+--------+--------+-----+--------+
         Total |    124 |    124 |      0 |      0 |     47 |   2 |   62.0 |
       Dungeon |    124 |    124 |      0 |      0 |     47 |   2 |   62.0 |
               +--------+--------+--------+--------+--------+-----+--------+

Top non-repeatable levels by time:
     D:1: 123 daAuts
     D:2: 1 daAuts
